AoeStats
← Dakaj

MegaRandom

510058156Analyzed
4v4 RM · 3d ago on Sep 29, 2026· 47m 11s· 8 players
Game mode
Random Map
Map size
Large (8 player)
Population
200
Speed
Normal
Resources
Standard
Victory
Conquest
Starting age
Dark Age
Ending age
Imperial Age
RankedLock teamsTeams togetherTeam positionsShared explorationLock speedFull tech treeHidden civsTurbo modeCheats
Victory
Defeat
🇨🇳 Romans · China
1140
+12
🇹🇼 Franks · Taiwan
1074
+15
🇨🇳 Spanish · China
1067
+15
🇹🇼 Celts · Taiwan
1038
+16
🇪🇸 Saracens · Spain
1132
-17
🇩🇪 Persians · Germany
1078
-45
🇵🇱 Poles · Poland
998
-13
🇨🇳 Franks · China
979
-12
hsuan1202
0:34 Loom
12:06 Feudal Age
18:09 Castle Age
16:55 Double-Bit Axe
25:59 Pikeman
30:24 Wheelbarrow
29:34 Town Watch
29:45 Gambesons
30:55 Man-at-Arms
31:20 Arson
32:03 Long Swordsman
32:29 Arson
33:31 Forging
33:21 Scale Mail Armor
33:12 Fletching
38:03 Imperial Age
36:17 Iron Casting
35:57 Chain Mail Armor
35:42 Fishing Lines
36:16 Town Patrol
37:14 Hand Cart
37:33 Chain Mail Armor
38:11 Gold Mining
38:12 Stone Mining
39:01 Bow Saw
38:35 Two-Handed Swordsman
38:35 Halberdier
41:22 Blast Furnace
40:52 Plate Mail Armor
39:49 Champion
40:39 Horse Collar
41:24 Fervor
41:29 Gillnets
42:50 Bodkin Arrow
43:18 Conscription
43:38 Gold Shaft Mining
42:53 Stone Mining
44:15 Stone Shaft Mining
Meow嗷嗚
8:29 Loom
10:45 Feudal Age
15:35 Double-Bit Axe
16:38 Scale Barding Armor
18:38 Castle Age
18:24 Stone Mining
18:25 Gold Mining
18:39 Fishing Lines
25:18 Chain Barding Armor
29:39 Husbandry
31:58 Demolition Ship
35:26 Imperial Age
33:34 Wheelbarrow
34:01 Forging
35:29 Iron Casting
35:39 Cavalier
38:19 Plate Barding Armor
39:06 Conscription
41:22 Blast Furnace
40:25 Light Cavalry
41:28 Paladin
45:00 Siege Engineers
45:15 Caravan
45:59 Gillnets
small_rain_111
7:15 Loom
10:56 Feudal Age
14:05 Scale Barding Armor
24:21 Castle Age
22:14 Fletching
22:27 Double-Bit Axe
23:36 Padded Archer Armor
24:35 Pikeman
26:36 Scale Mail Armor
27:49 Gold Mining
31:51 Bodkin Arrow
35:43 Leather Archer Armor
35:37 Fishing Lines
36:41 Stone Mining
41:01 Imperial Age
39:53 Stone Mining
42:06 Conscription
42:13 Bloodlines
43:21 Ring Archer Armor
43:33 Sanctity
44:42 Husbandry
44:09 Capped Ram
46:10 Forging
47:29 Bow Saw
mangudai
10:42 Feudal Age
9:24 Loom
11:46 Double-Bit Axe
11:42 Horse Collar
18:32 Castle Age
17:39 Scale Mail Armor
24:09 Wheelbarrow
24:10 Bow Saw
24:12 Heavy Plow
28:46 Forging
32:01 Imperial Age
30:10 Chain Mail Armor
30:31 Iron Casting
29:22 Pikeman
30:29 Squires
31:48 Man-at-Arms
33:04 Iron Casting
32:12 Heavy Scorpion
33:09 Siege Engineers
34:06 Chemistry
35:00 Blast Furnace
34:56 Fletching
34:49 Man-at-Arms
36:24 Conscription
36:17 Ballistas
36:44 Ballistas
36:59 Conscription
36:26 Long Swordsman
36:32 Halberdier
37:45 Bodkin Arrow
41:27 Legionary
45:40 Ballistics
44:42 Capped Ram
47:10 Murder Holes
47:25 Masonry
Dakaj
12:17 Feudal Age
12:42 Double-Bit Axe
12:48 Fishing Lines
15:49 Wheelbarrow
23:01 Scale Barding Armor
26:17 Horse Collar
27:08 Scale Mail Armor
27:19 Forging
33:24 Gold Mining
43:13 Castle Age
44:54 Gillnets
oriol.hs97
5:05 Loom
12:35 Feudal Age
16:56 Castle Age
15:15 Double-Bit Axe
23:59 Horse Collar
24:36 Bow Saw
24:56 Scale Barding Armor
25:29 Stone Mining
26:41 Husbandry
26:52 Bloodlines
27:44 Heavy Plow
27:50 Fishing Lines
28:47 Forging
29:50 Bloodlines
32:24 Imperial Age
31:29 Light Cavalry
33:37 Wheelbarrow
32:42 Hussar
33:48 Conscription
36:06 Chain Barding Armor
36:23 Iron Casting
35:56 Elite Mameluke
37:48 Plate Barding Armor
43:15 Chemistry
42:35 Ballistics
44:22 Blast Furnace
44:52 Fletching
giancarlo7
10:24 Feudal Age
11:46 Wheelbarrow
12:12 Double-Bit Axe
14:38 Bloodlines
22:54 Castle Age
21:43 Stone Mining
21:49 Gold Mining
22:28 Scale Barding Armor
22:34 Forging
22:24 Scale Mail Armor
24:26 Hand Cart
24:15 Husbandry
25:13 Chain Barding Armor
25:09 Chain Mail Armor
29:56 Iron Casting
34:32 Imperial Age
33:40 Szlachta Privileges
34:53 Cavalier
36:17 Conscription
76561199017414489
13:19 Feudal Age
17:57 Castle Age
16:47 Double-Bit Axe
20:06 Bow Saw
33:05 Gold Mining
33:44 Husbandry
37:46 Gold Shaft Mining
43:05 Imperial Age
Connection lost

Rejoining the realm…

Still unreachable

The connection could not be restored.

Session expired

The server has moved on; the page needs a fresh start.